 Dungeon Crawl Stone Soup version 0.29.1-1-gd02db6906a (webtiles) character file.

Game seed: 9793717004545041045

198 safid the Shooter (level 5, 0/45 HPs)
             Began as a Minotaur Hunter on Oct 3, 2022.
             Slain by an ice beast (9 damage)
             ... on level 4 of the Dungeon.
             The game lasted 00:03:56 (3000 turns).

safid the Shooter (Minotaur Hunter)                 Turns: 3000, Time: 00:03:56

Health: 0/45       AC:  3    Str: 15    XL:     5   Next: 47%
Magic:  4/4        EV: 12    Int:  6    God:
Gold:   104        SH:  0    Dex: 16    Spells: 4/4 levels left

rFire   . . .      SeeInvis .   a - +0 shortbow
rCold   . . .      Faith    .   (shield currently unavailable)
rNeg    . . .      Spirit   .   c - +0 leather armour
rPois   .          Reflect  .   (helmet restricted)
rElec   .          Harm     .   (no cloak)
rCorr   .          Rampage  .   (no gloves)
Will    .....                   (no boots)
Stlth   +.........              (no amulet)
HPRegen 0.15/turn               (no ring)
MPRegen 0.09/turn               (no ring)

@: mighty
A: horns 2, retaliatory headbutt
a: no special abilities


You were on level 4 of the Dungeon.
You visited 1 branch of the dungeon, and saw 4 of its levels.

You collected 104 gold pieces.

Inventory:

Hand Weapons
 a - a +0 shortbow (weapon)
Armour
 c - a +0 leather armour (worn)
Jewellery
 q - a +4 ring of evasion
Wands
 p - a wand of light (9)
Scrolls
 b - 4 scrolls of immolation
 d - 2 scrolls of identify {unknown}
 g - 3 scrolls of vulnerability {unknown}
 i - a scroll of acquirement {unknown}
 j - a scroll of enchant weapon {unknown}
 k - 2 scrolls of amnesia {unknown}
 m - 2 scrolls of enchant armour {unknown}
 o - 2 scrolls of teleportation {unknown}
Potions
 e - 2 potions of might
 f - a potion of degeneration {unknown}
 h - a potion of brilliance {unknown}
 l - a potion of curing {unknown}
 n - a potion of haste {unknown}


   Skills:
 - Level 3.0 Fighting
 + Level 7.3 Ranged Weapons
 - Level 2.1 Dodging
 - Level 0.7 Stealth


You had 4 spell levels left.
You didn't know any spells.
Your spell library contained the following spells:

 Spells                   Type           Power      Damage    Failure   Level
 Confusing Touch          Hex            0%         N/A       88%         3
 Gell's Gravitas          Tloc           0%         N/A       88%         3
 Portal Projectile        Hex/Tloc       0%         N/A       88%         3
 Teleport Other           Tloc           0%         N/A       88%         3
 Tukima's Dance           Hex            0%         N/A       88%         3
 Passage of Golubria      Tloc           0%         N/A       99%         4
 Blade Hands              Tmut           0%         N/A       100%        5
 Yara's Violent Unravell  Hex/Tmut       0%         3d3       100%        5
 Dispersal                Tloc           0%         N/A       100%        6
 Enfeeble                 Hex            0%         N/A       100%        7


Dungeon Overview and Level Annotations

Branches:
Dungeon (4/15)
 Temple: D:4-7

Altars:

Annotations:
D:3 1 runed translucent door, bakla's ghost, amateur HOAK


Innate Abilities, Weirdness & Mutations

You have a pair of horns on your head.
You reflexively headbutt those who attack you in melee.


Message History

You shoot an arrow. The arrow hits the ice beast.
The ice beast is lightly wounded.
The ice beast hits you. The ice beast freezes you!
You shoot an arrow.
The arrow hits the ice beast but does no damage.
The ice beast is lightly wounded.
The ice beast barely misses you.
You shoot an arrow. The arrow hits the ice beast!
The ice beast is moderately wounded.
The ice beast hits you. The ice beast freezes you!
* * * LOW HITPOINT WARNING * * *
You are too injured to fight recklessly!
You are too injured to fight recklessly!
You are too injured to fight recklessly!
You are too injured to fight recklessly!
Fire: a) +0 shortbow
Press: ? - help, Q - select action, (/) - cycle Shift-Dir - straight line, f/p - ice beast
Aim: an ice beast (moderately wounded, 64% to hit)
You shoot an arrow.
The arrow hits the ice beast but does no damage.
The ice beast is moderately wounded.
The ice beast hits you but does no damage.
Fire: a) +0 shortbow
Press: ? - help, Q - select action, (/) - cycle Shift-Dir - straight line, f/p - ice beast
Aim: an ice beast (moderately wounded, 64% to hit)
You shoot an arrow. The arrow closely misses the ice beast.
The ice beast hits you but does no damage.
Unknown command.
It was a potion of might.
You feel very mighty all of a sudden. The ice beast barely misses you.
Fire: a) +0 shortbow
Press: ? - help, Q - select action, (/) - cycle Shift-Dir - straight line, f/p - ice beast
Aim: an ice beast (moderately wounded, 64% to hit)
You shoot an arrow. The arrow hits the ice beast.
The ice beast is heavily wounded.
The ice beast hits you.
* * * LOW HITPOINT WARNING * * *
The ice beast freezes you!
You die...

#.....# #.....# ##....#
#.....# #### ......# ...
.# ......# # .. #.#
......# #.#####.##..#
......# #.....#)#...#
......# #.##.Y@.....#+
......# #.###........#
......### #.# #.........
........###.# +#........
......#.....# #.........
......#####.###........#
#....## #.##........#+
#..†.## #.....#+#...#
#.>...# #.##### #..#


You could see an ice beast.

Vanquished Creatures
  Jessica (D:2)
  6 adders
  3 gnolls (D:3)
  3 dart slugs
  An orc (D:3)
  7 ball pythons
  3 bats
  7 endoplasms
  4 giant cockroaches
  8 hobgoblins
  10 jackals (D:1)
  7 kobolds
  3 quokkas
  4 frilled lizards
  4 goblins
  8 rats
79 creatures vanquished.

Notes
Turn   | Place    | Note
-------+----------+-------------------------------------------
     0 | D:1      | safid the Minotaur Hunter began the quest for the Orb.
     0 | D:1      | Reached XP level 1. HP: 18/18 MP: 0/0
   155 | D:1      | Reached XP level 2. HP: 17/25 MP: 1/1
   287 | D:1      | Found a faded altar of an unknown god.
   323 | D:1      | Reached skill level 5 in Ranged Weapons
   361 | D:1      | Reached XP level 3. HP: 16/31 MP: 2/2
  1201 | D:2      | Noticed Jessica
  1206 | D:2      | Killed Jessica
  1207 | D:2      | Reached skill level 6 in Ranged Weapons
  1207 | D:2      | Reached XP level 4. HP: 38/38 MP: 3/3
  2280 | D:3      | Reached XP level 5. HP: 45/45 MP: 4/4
  2526 | D:3      | Found a runed translucent door.
  2526 | D:3      | Noticed bakla's ghost (amateur HOAK)
  2628 | D:3      | Reached skill level 7 in Ranged Weapons
  2990 | D:4      | Noticed an ice beast
  3000 | D:4      | Slain by an ice beast

Illustrated notes

Levels and vault maps discovered:
D:1:      lightli_iron_boxes, layout_loops_ring,
          hellmonk_ecumenical_altar_blasted, minmay_tree_intersection
D:2:      minmay_angry_zag, layout_basic, uniq_jessica
D:3:      layout_loops_ring, hellmonk_ghost_happy_afterlife,
          minmay_stone_trees_medium
D:4:      layout_gridville, hangedman_decor_growths, minmay_pentangle

Skill      XL: |  1  2  3  4  5 |
---------------+----------------+-----
Fighting       | 3 |  3.0
Ranged Weapons | 5 6 7 |  7.3
Dodging        | |  2.1
Stealth        | |  0.7

Action                   |  1- 3 |  4- 6 || total
-------------------------+-------+-------++-------
 Fire: Shortbow          |    99 |   114 ||   213
  Use: Potion            |       |     1 ||     1
Armor: Leather armour    |    12 |    11 ||    23
Dodge: Dodged            |    46 |    30 ||    76
